 Dungeon Crawl Stone Soup version 0.18.1-48-g4cf74bf (webtiles) character file.

326 Puuhinen the Ducker (level 6, -4/61 HPs)
             Began as a Troll Fighter on July 19, 2016.
             Slain by a spriggan
             ... wielding a +0 rapier
              (17 damage)
             ... on level 5 of the Dungeon.
             The game lasted 00:17:21 (3457 turns).

Puuhinen the Ducker (Troll Fighter)                 Turns: 3457, Time: 00:17:21

Health: -4/61      AC:  5    Str: 30    XL:     6   Next: 24%
Magic:  5/5        EV: 11    Int:  4    God:
Gold:   169        SH:  0    Dex: 11    Spells: 0 memorised, 5 levels left

rFire  . . .     SeeInvis .     (no weapon)
rCold  . . .     Gourm    +     b - +0 robe
rNeg   . . .     Faith    .     (no shield)
rPois  +         Spirit   .     (helmet restricted)
rElec  .         Dismiss  .     (no cloak)
rCorr  +         Reflect  .     (gloves unavailable)
SustAt .         Harm     .     (boots unavailable)
MR     .....                    y - amulet of rage
Stlth  +.........               m - ring of poison resistance
                                i - ring of resist corrosion

@: mighty, about to teleport, not resistant to hostile enchantments, very
unstealthy
A: unfitting armour, claws 3, fast metabolism 3, gourmand, regeneration 2,
shaggy fur 1, tough skin 2
a: Evoke Berserk Rage


You were on level 5 of the Dungeon.
You were full.

You visited 1 branch of the dungeon, and saw 5 of its levels.

You collected 169 gold pieces.

Inventory:

Hand Weapons
 a - a +0 flail
 z - a +0 morningstar
Armour
 b - a +0 robe (worn)
 c - a +0 shield
Jewellery
 i - a ring of resist corrosion (left claw)
 m - a ring of poison resistance (right claw)
 o - an uncursed amulet of guardian spirit
 y - an amulet of rage (around neck)
Wands
 u - a wand of disintegration (8/24)
 A - a wand of random effects (16/48)
 B - a wand of digging (11/24)
 C - a wand of flame (15/48)
Scrolls
 h - a scroll of remove curse
 k - a scroll of noise {unknown}
 p - 2 scrolls of recharging {unknown}
 q - 2 scrolls of immolation {unknown}
 r - 2 scrolls of teleportation
 w - a scroll of random uselessness {unknown}
Potions
 d - a potion of might
 e - a potion of degeneration {unknown}
 j - 2 potions of ambrosia
 l - a potion of heal wounds
 s - a potion of cancellation
 v - 2 potions of agility {unknown}
 x - 4 potions of curing {unknown}
 D - a potion of lignification {unknown}
Comestibles
 f - 3 bread rations
 n - 3 royal jellies
 t - a meat ration


   Skills:
 + Level 3.2 Fighting
 * Level 3.2 Maces & Flails
 + Level 4.3 Dodging
 * Level 3.0 Shields


You had 5 spell levels left.
You didn't know any spells.

Dungeon Overview and Level Annotations

Branches:
Dungeon (5/15)
 Temple: D:4-7

Altars:
Dithmenos
Makhleb
Nemelex Xobeh
Okawaru
The Shining One

Shops:
D:5 *


Innate Abilities, Weirdness & Mutations

You are too large for most types of armour.
You have claws for hands.
Your metabolism is lightning-fast.
You like to eat raw meat.
You heal very quickly.
You are covered in fur (AC +1).
You have very tough skin (AC +2).


Message History

The spriggan hits you with a rapier.
* * * LOW HITPOINT WARNING * * *
You are too injured to fight recklessly!
You are too injured to fight recklessly!
You are too injured to fight recklessly!
You barely miss the spriggan.
The spriggan is lightly wounded.
The spriggan barely misses you.
You closely miss the spriggan.
The spriggan is lightly wounded.
The spriggan hits you with a rapier!
* * * LOW HITPOINT WARNING * * *
Read which item? (? for menu, Esc to quit)
As you read the scroll of fog, it crumbles to dust.
The scroll dissolves into smoke.
The spriggan hits you but does no damage.
Read which item? (? for menu, Esc to quit)
As you read the scroll of teleportation, it crumbles to dust.
You feel strangely unstable. The spriggan hits you with a rapier!
You die...

♣♣.♣..♣♣ #.# ♣♣.♣.♣♣♣ #.#
♣♣♣...♣♣♣♣ ###.### #####
♣♣.♣.♣.♣♣
#...#.#######...#
♣♣♣♣...♣♣##.#.#..†.......#
♣♣♣..♣##.##.#######...##
♣♣l♣#§§...### #......#
♣§§§§i.....# #.##.#.#
♣♣♣#i@.....# #.##.#.#
#§......# #.#..#.#
#.......# #.#.##.#
#.......# #.#.##.#
#.......# #......#
#.......# ###.####
########## #..# #......<#
#.## ##.#####.# #.#


You could see 2 spriggans.

Vanquished Creatures
  A scorpion (D:5)
  A hound (D:3)
  An orc priest (D:3)
  Jessica (D:3)
  An iguana (D:4)
  Ijyb (D:3)
  Robin (D:3)
  An adder (D:3)
  An ooze (D:1)
  An adder skeleton (D:5)
  4 worms
  A dart slug (D:4)
  5 giant geckos
  7 orcs
  3 ball pythons
  3 bats
  19 goblins
  12 hobgoblins
  7 jackals
  3 kobolds
  2 quokkas
  5 giant newts
  8 rats
89 creatures vanquished.

Notes
Turn   | Place    | Note
--------------------------------------------------------------
     0 | D:1      | Puuhinen the Troll Fighter began the quest for the Orb.
     0 | D:1      | Reached XP level 1. HP: 22/22 MP: 0/0
   187 | D:1      | Reached XP level 2. HP: 23/29 MP: 1/1
   624 | D:1      | Reached skill level 3 in Dodging
   640 | D:2      | Reached XP level 3. HP: 34/36 MP: 2/2
  1223 | D:3      | Noticed Jessica
  1323 | D:3      | Found a glowing golden altar of the Shining One.
  1326 | D:3      | Found a shadowy altar of Dithmenos.
  1421 | D:3      | Reached XP level 4. HP: 28/44 MP: 1/3
  1484 | D:3      | Found a burning altar of Makhleb.
  1696 | D:3      | Killed Jessica
  1820 | D:3      | Reached XP level 5. HP: 48/53 MP: 1/4
  1952 | D:3      | Noticed Robin
  1964 | D:3      | Killed Robin
  2149 | D:3      | Reached skill level 4 in Dodging
  2343 | D:3      | Found an iron altar of Okawaru.
  2345 | D:3      | Found a sparkling altar of Nemelex Xobeh.
  2446 | D:3      | Noticed Ijyb
  2455 | D:3      | Killed Ijyb
  2666 | D:4      | Reached XP level 6. HP: 32/61 MP: 2/5
  3069 | D:5      | Entered Level 5 of the Dungeon
  3101 | D:5      | Found Nealac's Elemental Accessories.
  3404 | D:5      | Noticed a spriggan
  3415 | D:5      | HP: 3/61 [poisoned by a spriggan]
  3419 | D:5      | Noticed a spriggan
  3420 | D:5      | Noticed a spriggan
  3457 | D:5      | Slain by a spriggan

Skill      XL: |  1  2  3  4  5 |
---------------+----------------+-----
Dodging        | 3 4 |  4.3
Maces & Flails | 2 3 |  3.2
Fighting       | 3 |  3.2
Shields        | 3 |  3.0

Action                   |  1- 3 |  4- 6 || total
-------------------------+-------+-------++-------
Melee: Flail             |   138 |   117 ||   255
       Morningstar       |       |    65 ||    65
       Unarmed           |       |    17 ||    17
  Use: Scroll            |     5 |     6 ||    11
       Potion            |       |     6 ||     6
 Stab: Sleeping          |     1 |       ||     1
  Eat: Chunk             |    19 |    16 ||    35
Armor: Robe              |    43 |    62 ||   105
Dodge: Dodged            |    59 |   127 ||   186
